 Dungeon Crawl Stone Soup version 0.25.0-9-g26727b657a (webtiles) character file.

Game seed: 11253119491881807841

101 vurker the Chiller (level 4, -6/29 HPs)
             Began as an Octopode Ice Elementalist on June 16, 2020.
             Killed by nerve-wracking pain
             ... invoked by Grinder
              (13 damage)
             ... on level 2 of the Dungeon.
             The game lasted 00:02:45 (2274 turns).

vurker the Chiller (Octopode Ice Elementalist)      Turns: 2274, Time: 00:02:45

Health: -6/29      AC:  1    Str:  7    XL:     4   Next: 75%
Magic:  4/8        EV: 13    Int: 18    God:
Gold:   69         SH:  0    Dex: 12    Spells: 5/9 levels left

rFire    . . .     SeeInvis .   a - +0 dagger
rCold    . . .     Gourm    .   (no shield)
rNeg     . . .     Faith    .   (helmet restricted)
rPois    .         Spirit   .   (no amulet)
rElec    .         Reflect  .   c - ring of protection from magic
rCorr    .         Harm     .   (no ring)
MR       +....                  (no ring)
Stlth    +++.......             (no ring)
HPRegen  0.09/turn              (no ring)
MPRegen  0.11/turn              (no ring)
                                (no ring)
                                (no ring)

@: frozen ramparts
A: almost no armour, stealthy swim, amphibious, 8 rings, constrict 8, camouflage
1, gelatinous body 1
a: no special abilities


You were on level 2 of the Dungeon.
You were hungry.

You visited 1 branch of the dungeon, and saw 3 of its levels.

You collected 69 gold pieces.

Inventory:

Hand Weapons
 a - a +0 dagger (weapon)
   (You took it off a kobold on level 1 of the Dungeon)
Jewellery
 c - a ring of protection from magic (left tentacle)
   (You found it on level 1 of the Dungeon)
Scrolls
 b - a scroll of teleportation {unknown}
 d - 2 scrolls of fog {unknown}
 g - 2 scrolls of remove curse {unknown}
 i - a scroll of identify {unknown}
 k - a scroll of magic mapping {unknown}
 l - a scroll of enchant weapon {unknown}
Potions
 h - 2 potions of heal wounds {unknown}
 j - 2 potions of flight {unknown}
Comestibles
 e - 4 rations


   Skills:
 + Level 1.6 Fighting
 - Level 2.0 Dodging
 - Level 2.6 Stealth
 * Level 3.1 Spellcasting
 * Level 4.9 Ice Magic


You had 5 spell levels left.
You knew the following spells:

 Your Spells              Type           Power        Failure   Level  Hunger
a - Freeze                Ice            ###.         2%          1    None
b - Frozen Ramparts       Ice            ###...       6%          3    ###....

Your spell library contained the following spells:

 Spells                   Type           Power        Failure   Level  Hunger
 Ozocubu's Armour         Chrm/Ice       ##......     19%         3    ###....
 Hailstorm                Conj/Ice       ##......     52%         4    ####...
 Summon Ice Beast         Ice/Summ       ##......     52%         4    ####...


Dungeon Overview and Level Annotations

Branches:
Dungeon (3/15)

Altars:
Ashenzari
Gozag
Ru

Annotations:
D:2 Grinder
D:3 3 runed translucent doors


Innate Abilities, Weirdness & Mutations

You cannot wear most types of armour.
You are very stealthy in the water. (Stealth+)
You are amphibious.
You can wear up to eight rings at the same time.
You can use your tentacles to constrict eight enemies at once.
Your skin changes colour to match your surroundings (Stealth+).
Your rubbery body absorbs attacks. (AC +1, EV +1)


Message History

All of the chunks of flesh in your inventory have rotted away.
Found a ration.
e - 4 rations (gained 1);
h - 2 ruby potions (gained 1)
There is an open door here.
There is an open door here.
You see here a +0 dagger.
There is an open door here.
You see here a stone.
There is an open door here.
You are feeling hungry.
Done exploring.
Done exploring.
Done exploring.
Done exploring.
There is an open door here.
There is an open door here.
There is a stone staircase leading down here.
You climb downwards.
Level annotation: 3 runed translucent doors A bat, an adder, 2 jackals and Grinder come into view.
The jackal barks!
The adder hisses angrily.
Grinder shouts!
The bat hits you but does no damage. The adder bites you.
The jackal barks!
Found 4 boomerangs and a ring mail.
There is a stone staircase leading up, spattered with blood here.
The adder barely misses you. The bat hits you but does no damage.
Grinder misses you. The adder closely misses you.
You climb upwards.
There is a stone staircase leading down here.
The spell is quite dangerous to cast (6% risk of failure)!
Continue anyway?
The walls around you are covered in ice.
The wall freezes the adder.
Grinder completely resists.
The wall freezes Grinder but do no damage.
Grinder hits you.
You writhe in agony.
The wall freezes the adder.
The adder seems to slow down.
Aim: Grinder Grinder completely resists.
You freeze Grinder but do no damage.
Grinder resists.
The wall freezes Grinder.
Grinder gestures at you. Pain shoots through your body!
* * * LOW HITPOINT WARNING * * *
The wall freezes the adder.
The adder seems to slow down.
Unknown command.
You hit Grinder but do no damage. Your grab misses Grinder.
The wall freezes the adder.
The adder seems to slow down.
Grinder completely resists.
The wall freezes Grinder but do no damage.
Grinder gestures at you. Pain shoots through your body!
You die...

.## ##....># #..#
#.###......#### #..#
#..#..........###..#
#.#................#
#.#........##.##...#
#.#................###
#.#........##.##S....#
#........####.##5###.#
###.....## #.##@# #÷#####
#####.# ##.##.###.....###
##.####...#.)....._...#
#............##.......##
######..####...#..#.........#
........# #..##..#....⌠....#
######.## #.###..#.........#
######.#####.# #..##........#
.............###..##..._....#


You could see Grinder and an adder (slow).

Vanquished Creatures
  3 adders
  An ooze (D:1)
  A worm (D:2)
  3 dart slugs
  A leopard gecko (D:1)
  6 giant cockroaches
  9 goblins
  6 hobgoblins
  3 jackals (D:2)
  6 kobolds
  2 quokkas (D:2)
  A ball python (D:2)
  5 bats
  4 frilled lizards
  8 rats
59 creatures vanquished.

Notes
Turn   | Place    | Note
-------+----------+-------------------------------------------
     0 | D:1      | vurker the Octopode Ice Elementalist began the quest for
                  | the Orb.
     0 | D:1      | Reached XP level 1. HP: 11/11 MP: 3/3
   285 | D:1      | Reached XP level 2. HP: 15/18 MP: 5/5
   756 | D:1      | Reached XP level 3. HP: 22/22 MP: 6/6
   894 | D:1      | Learned a level 3 spell: Frozen Ramparts
   919 | D:2      | Reached skill level 1 in Fighting
  1253 | D:2      | Found a sacrificial altar of Ru.
  1358 | D:2      | Found a shattered altar of Ashenzari.
  1359 | D:2      | You fall into a shaft and drop 1 floor!
  1364 | D:3      | Reached XP level 4. HP: 28/28 MP: 8/8
  1484 | D:3      | Found a runed translucent gate.
  1550 | D:3      | Found a runed translucent gate.
  1550 | D:3      | Found a runed translucent gate.
  1551 | D:3      | Found an opulent altar of Gozag.
  2268 | D:3      | Noticed Grinder
  2274 | D:2      | Killed from afar by Grinder

Illustrated notes

Levels and vault maps discovered:
D:1:      dpeg_arrival_pond, layout_loops_ring
D:2:      layout_loops_ring, grunt_temple_overflow_open, minmay_quadrilaterals
D:3:      layout_rooms, lemuel_coloured_pillars_altar, ebering_ghost_gozag,
          uniq_grinder

Skill      XL: |  1  2  3  4 |
---------------+-------------+-----
Fighting       | 1 |  1.6
Spellcasting   | 3 |  3.1
Dodging        | |  2.0
Stealth        | |  2.6
Ice Magic      | |  4.9

Action                   |  1- 3 |  4- 6 || total
-------------------------+-------+-------++-------
Melee: Unarmed           |    14 |       ||    14
       Constrict         |    16 |     6 ||    22
       Tentacles         |    14 |     7 ||    21
       Dagger            |    47 |    33 ||    80
 Cast: Freeze            |    15 |     7 ||    22
       Frozen Ramparts   |     1 |     2 ||     3
 Stab: Sleeping          |     8 |     6 ||    14
  Eat: Chunk             |     2 |     2 ||     4
Armor: Skin              |     7 |     4 ||    11
Dodge: Dodged            |    44 |    29 ||    73
